 Dungeon Crawl Stone Soup version 0.28.0-43-g3370ac3207 (webtiles) character file.

Game seed: 7042987614127183440

1167 Destapler the Skirmisher (level 8, -9/79 HPs)
             Began as a Troll Fighter on Feb 27, 2022.
             Was a Priest of Dithmenos.
             Mangled by a gargoyle
             ... wielding a +0 mace
              (21 damage)
             ... in a bailey.
             The game lasted 00:06:09 (3696 turns).

Destapler the Skirmisher (Troll Fighter)            Turns: 3696, Time: 00:06:10

Health: -9/79      AC:  5    Str: 25 (27) XL:     8   Next: 17%
Magic:  7/7        EV:  9    Int:  3 (4)  God:    Dithmenos [***...]
Gold:   224        SH:  8    Dex: 10 (13) Spells: 7/7 levels left

rFire   . . .      SeeInvis +   o - +9 mace "Vunisun" {flame, *Slow rPois rC+ Dex+4}
rCold   + . .      Faith    .   c - +0 kite shield
rNeg    . . .      Spirit   .   b - +0 robe
rPois   +          Reflect  .   (helmet restricted)
rElec   .          Harm     .   p - +0 cloak {Stlth+}
rCorr   .          Rampage  .   (gloves unavailable)
Will    .....                   (boots unavailable)
Stlth   +++.......              (no amulet)
HPRegen 1.03/turn               (no ring)
MPRegen 0.10/turn               (no ring)

@: wreathed by umbra
A: large, unfitting armour, claws 3, regeneration 1, shaggy fur 1, tough skin 1,
fangs 1, see invisible, noise suppression
a: Renounce Religion, Shadow Step


You were in a bailey.
You worshipped Dithmenos.
Dithmenos was most pleased with you.
You visited 1 branch of the dungeon, and saw 6 of its levels.
You also visited: Bailey.

You collected 224 gold pieces.

Inventory:

Hand Weapons
 a - a +0 flail
 o - the +9 mace "Vunisun" (weapon) {flame, *Slow rPois rC+ Dex+4}
   (You found it on level 3 of the Dungeon)

   It burns those it strikes, dealing additional fire damage.
   Dex:       It affects your dexterity (+4).
   rC:        It protects you from cold.
   rPois:     It protects you from poison.
   *Slow:     It may slow you when you take damage.
Armour
 b - a +0 robe (worn)
 c - a +0 kite shield (worn)
 p - a +0 cloak of stealth (worn)
Jewellery
 k - a ring of see invisible
Scrolls
 h - 2 scrolls of enchant armour {unknown}
 i - a scroll of enchant weapon {unknown}
 j - 2 scrolls of noise {unknown}
 l - a scroll of torment {unknown}
 m - 3 scrolls of amnesia {unknown}
 n - 2 scrolls of fog {unknown}
 r - 2 scrolls of identify {unknown}
Potions
 f - a potion of degeneration
 q - a potion of berserk rage {unknown}
 t - a potion of invisibility {unknown}


   Skills:
 + Level 4.6 Fighting
 + Level 4.5 Maces & Flails
 - Level 3.0 Armour
 - Level 4.0 Dodging
 + Level 4.5 Shields


You had 7 spell levels left.
You didn't know any spells.
Your spell library was empty.

Dungeon Overview and Level Annotations

Branches:
Dungeon (5/15)             Bailey (1/1)
 Temple: D:4-7

Altars:
Ashenzari
Dithmenos


Innate Abilities, Weirdness & Mutations

You are too large for most types of armour.
You have claws for hands.
Your natural rate of healing is unusually fast.
You are covered in fur. (AC +1)
You have tough skin. (AC +1)
You have very sharp teeth.
You have supernaturally acute eyesight. (SInv)
You passively dampen the noise of your surroundings.


Message History

It was a potion of mutation.
You feel extremely strange.
Your vision sharpens.
You feel your surroundings grow quieter.
Your teeth lengthen and sharpen.
The gargoyle hurls a stone arrow at you.
You block the stone arrow.
Okay, then.
It was a potion of heal wounds.
You feel much better.
The gargoyle hurls a stone arrow at you.
You block the stone arrow.
Okay, then.
You hit the gargoyle. You burn the gargoyle.
The gargoyle is heavily damaged.
You block the gargoyle's attack.
The gargoyle hurls a stone arrow at you.
The stone arrow hits you!!
* * * LOW HITPOINT WARNING * * *
You hit the gargoyle but do no damage.
The gargoyle is heavily damaged.
The gargoyle hurls a stone arrow at you.
The stone arrow hits you!
* * * LOW HITPOINT WARNING * * *
You feel much better. The gargoyle hits you with a +0 mace!
* * * LOW HITPOINT WARNING * * *
You hit the gargoyle. You burn the gargoyle.
The gargoyle is heavily damaged.
The gargoyle hits you with a +0 mace.
* * * LOW HITPOINT WARNING * * *
You sock the gargoyle! You burn the gargoyle.
The gargoyle is almost destroyed.
You block the gargoyle's attack.
The gargoyle hurls a stone arrow at you.
The stone arrow hits you!!
* * * LOW HITPOINT WARNING * * *
You feel better. The gargoyle closely misses you.
You hit the gargoyle but do no damage.
You bite the gargoyle, but do no damage.
The gargoyle is almost destroyed.
The gargoyle hits you with a +0 mace!!
You die...

#....####)..#......
#....+....####.....
#....+...##..##....
#....#...#....#######
#....#........)......
####+#......#........
#8....##...##++#
#######...##
#89@.....##
#.......8# ##########


You could see a gargoyle.

Vanquished Creatures
  A water moccasin (D:5)
  A sky beast (D:5)
  A phantom (D:5)
  7 vampire bats (Bailey)
  7 wolf zombies (Bailey)
  Crazy Yiuf (D:3)
  Jessica (D:2)
  4 iguanas
  Natasha (D:2)
  A hound skeleton (D:5)
  4 adders
  An ufetubus (D:4)
  2 worms
  3 dart slugs
  4 orcs (D:4)
  7 ball pythons
  5 bats
  11 endoplasms
  4 giant cockroaches
  4 hobgoblins
  2 quokkas
  3 frilled lizards (D:1)
  8 goblins
  6 kobolds
  11 orc zombies (Bailey)
  5 rats
105 creatures vanquished.

Notes
Turn   | Place    | Note
-------+----------+-------------------------------------------
     0 | D:1      | Destapler the Troll Fighter began the quest for the Orb.
     0 | D:1      | Reached XP level 1. HP: 22/22 MP: 0/0
   173 | D:1      | Reached XP level 2. HP: 29/29 MP: 1/1
   272 | D:1      | Found a faded altar of an unknown god.
   433 | D:1      | Prayed at the altar of an unknown god.
   433 | D:1      | Became a worshipper of Dithmenos the Shadowed
   433 | D:1      | Reached * piety under Dithmenos
   968 | D:2      | Reached XP level 3. HP: 26/36 MP: 2/2
  1081 | D:2      | Noticed Natasha
  1088 | D:2      | Killed Natasha
  1089 | D:2      | Reached skill level 1 in Armour
  1190 | D:2      | Reached XP level 4. HP: 44/44 MP: 3/3
  1342 | D:2      | Noticed Jessica
  1346 | D:2      | Killed Jessica
  1596 | D:3      | Identified the +9 mace "Vunisun" {flame, *Slow rPois rC+
                  | Dex+4}
  1827 | D:3      | Reached ** piety under Dithmenos
  1828 | D:3      | Reached XP level 5. HP: 52/53 MP: 4/4
  1940 | D:3      | Found a runed translucent door.
  1941 | D:3      | Noticed Crazy Yiuf
  2025 | D:3      | Killed Crazy Yiuf
  2136 | D:3      | Found a broken altar of Ashenzari.
  2614 | D:4      | Reached XP level 6. HP: 61/61 MP: 5/5
  3047 | D:5      | Entered Level 5 of the Dungeon
  3047 | D:5      | Noticed a water moccasin
  3059 | D:5      | Killed a water moccasin
  3109 | D:5      | Noticed a sky beast
  3119 | D:5      | Killed a sky beast
  3120 | D:5      | Reached XP level 7. HP: 54/67 MP: 6/6
  3210 | D:5      | Found a shadowy altar of Dithmenos.
  3366 | D:5      | You fall into a shaft and drop 3 floors!
  3366 | D:8      | Found a flagged portal.
  3390 | Bailey   | Entered a bailey
  3541 | Bailey   | Reached *** piety under Dithmenos
  3626 | Bailey   | Reached XP level 8. HP: 79/79 MP: 7/7
  3679 | Bailey   | Noticed a gargoyle
  3686 | Bailey   | HP: 2/79 [gargoyle/+0 mace (24)]
  3688 | Bailey   | Gained mutation: You have supernaturally acute eyesight.
                  | (SInv) [potion of mutation]
  3688 | Bailey   | Gained mutation: You passively dampen the noise of your
                  | surroundings. [potion of mutation]
  3688 | Bailey   | Gained mutation: You have very sharp teeth. [potion of
                  | mutation]
  3696 | Bailey   | Mangled by a gargoyle

Illustrated notes

Levels and vault maps discovered:
D:1:      dpeg_arrival_central, layout_loops_ring,
          shapermc_ecumenical_altar_acropolis, minmay_misc_feat_plants,
          fountainhead
D:2:      layout_loops_cross, chequers_serial_rivers_room_b, uniq_natasha,
          uniq_jessica
D:3:      layout_loops_ring, nicolae_ashenzari_skybound, serial_park_tiny_1,
          minmay_three_crescents, uniq_crazy_yiuf_cottage
D:4:      layout_loops_ring, minmay_misc_feat_square
D:5:      layout_cave_pods, mainiacjoe_overflow_catwalk
D:8:      minmay_bubble_buster, layout_basic, okawaru_gym_becter,
          enter_bailey_3, minivault_1, uniq_grum
Bailey:   bailey_polearm_vampire_castle_hellmonk, bailey

Skill      XL: |  1  2  3  4  5  6  7 |
---------------+----------------------+-----
Maces & Flails | 2 3 4 |  4.5
Armour         | 1 2 3 |  3.0
Dodging        | 3 4 |  4.0
Shields        | 3 4 |  4.5
Fighting       | 3 4 |  4.6

Action                   |  1- 3 |  4- 6 |  7- 9 || total
-------------------------+-------+-------+-------++-------
Melee: Flail             |    95 |    56 |       ||   151
       Mace              |       |    60 |    93 ||   153
       Bite              |       |       |     1 ||     1
  Use: Potion            |       |       |     7 ||     7
 Stab: Sleeping          |     2 |     6 |     2 ||    10
Armor: Robe              |    45 |    30 |    30 ||   105
Dodge: Dodged            |    46 |    50 |    56 ||   152
Block: Kite shield       |    27 |    41 |    55 ||   123
